Cogmind - Beta 14 --- EXPLORER MODE // 2025.05.01 @ 11:43:40 Player: Bees Result: Destroyed by Y-54 Guardian with Flak Gun Performance ------------- Evolutions (3) 1500 Regions Visited (9) 1800 Robots Destroyed (100) 500 Value Destroyed (3286) 3286 Prototype IDs (8) 160 Alien Tech Used (0) 0 Bonus (200) 200 TOTAL SCORE: 7446 Bonus ------- Entered Garrisons 200 Cogmind --------- Core Integrity 0/700 Matter 300/300 Energy 98/100 System Corruption 2% Temperature Cool (6) Movement Core (50) Location -7/Garrison Parts ------- > --- POWER (1) -------- (None) > --- PROPULSION (6) --- (None) > --- UTILITY (5) ------ (None) > --- WEAPON (2) ------- (None) > --- INVENTORY (5) ---- Cryofiber Web Hacking Suite Relay Coupler [Specialist] (37) Advanced EMP Blaster Mining Laser Peak State ------------ > --- POWER ------------ Light Angular Momentum Engine > --- PROPULSION ------- Carbon-fiber Leg Carbon-fiber Leg Carbon-fiber Leg Carbon-fiber Leg Carbon-fiber Leg Titanium Leg > --- UTILITY ---------- Improved Heat Sink High-capacity Storage Unit Advanced Targeting Computer Improved Medium Armor Plating Improved Medium Armor Plating > --- WEAPON ----------- Pulse Rifle Advanced EMP Blaster > --- INVENTORY -------- Light Nuclear Core Improved Aluminum Leg VSS Leg Cryofiber Web Medium Storage Unit Large Matter Pod Improved Signal Interpreter Reaction Control System Improved Medium Armor Plating Hardlight Generator Hacking Suite Gauss Rifle Improved Datajack Mining Laser Katana [Rating: 49] Favorites ----------- Power Heavy Ion Engine Engine Heavy Ion Engine Power Core Light Nuclear Core Propulsion Armored Treads Treads Armored Treads Leg Carbon-fiber Leg Utility Hardened Medium Armor Plating Device Improved Heat Sink Storage High-capacity Storage Unit Processor Targeting Computer Protection Hardened Medium Armor Plating Weapon Makeshift Axe Energy Gun Pulse Rifle Ballistic Gun Assault Rifle Launcher Rocket Launcher Special Weapon Mining Laser Slashing Weapon Makeshift Axe Build | -11 -10 -10 -9 -9 -9 -8 -8 -7 -7 ------- Run | Yrd Mat Min Mat Min Exi Min Mat Fac Gar Slots Evolved 7 | . 1 . 2 . . . 2 2 . Power . | . . . . . . . . . . Propulsion 4 | . 1 . 1 . . . 1 1 . Utility 3 | . . . 1 . . . 1 1 . Weapon . | . . . . . . . . . . Parts Attached 83 | 7 6 3 10 . 1 3 26 17 10 Power 5 | 1 1 . 1 . . . 1 1 . Engine 4 | 1 1 . 1 . . . 1 . . Core 1 | . . . . . . . . 1 . Reactor . | . . . . . . . . . . Propulsion 31 | 2 4 . 5 . . 1 13 4 2 Treads 6 | . . . 4 . . 1 1 . . Leg 25 | 2 4 . 1 . . . 12 4 2 Wheel . | . . . . . . . . . . Hover . | . . . . . . . . . . Flight . | . . . . . . . . . . Utility 26 | 2 . 2 3 . 1 2 8 8 . Device 4 | . . . . . . . 2 2 . Storage 7 | 1 . 2 1 . 1 1 . 1 . Processor 2 | . . . 1 . . . 1 . . Hackware . | . . . . . . . . . . Protection 13 | 1 . . 1 . . 1 5 5 . Artifact . | . . . . . . . . . . Weapon 21 | 2 1 1 1 . . . 4 4 8 Energy Gun 4 | 1 . . . . . . . 2 1 Energy Cannon . | . . . . . . . . . . Ballistic Gun 1 | 1 . . . . . . . . . Ballistic Cannon . | . . . . . . . . . . Launcher 7 | . . . 1 . . . 2 1 3 Special Weapon 2 | . . . . . . . 1 . 1 Impact Weapon . | . . . . . . . . . . Slashing Weapon 7 | . 1 1 . . . . 1 1 3 Piercing Weapon . | . . . . . . . . . . Special Melee Weapon . | . . . . . . . . . . Unidentified Prototypes 3 | . . . 1 . . . 1 1 . Parts Lost 21 | . 1 . 2 . . . 6 2 10 Power 2 | . . . . . . . . 1 1 Propulsion 11 | . . . . . . . 4 . 7 Utility 3 | . . . 1 . . . 1 . 1 Weapon 5 | . 1 . 1 . . . 1 1 1 Highest Loss Streak 5 | . 1 . 2 . . . 4 1 5 To Critical Strikes . | . . . . . . . . . . Average Slot Usage (%) 96 | . 95 100 93 100 100 100 97 95 79 Engine 9 | . 12 12 10 10 10 10 8 5 . Treads 19 | . . . 33 40 40 40 5 . . Leg 18 | . 34 37 5 . . . 34 41 30 Device 2 | . . . . . . . 6 8 11 Storage 9 | . 12 12 10 10 10 10 8 7 5 Processor 7 | . . . 9 10 10 10 9 7 5 Protection 9 | . 12 12 9 10 10 10 7 8 5 Energy Gun 2 | . 9 . . . . . . 9 5 Ballistic Gun 2 | . 12 12 . . . . . . . Launcher 5 | . . . 5 10 10 10 4 2 2 Slashing Weapon 7 | . . 12 10 10 10 10 8 1 2 Peak Build Rating 49 | 7 8 12 28 27 28 31 42 49 47 Average Rating 28 | 5 7 10 24 27 27 29 37 48 37 On Entrance 22 | . 7 8 12 27 27 28 31 42 47 Naked Turns 48 | . . . . . . . . . 48 Heaviest Build 74 | 22 22 23 43 43 63 63 67 74 63 Greatest Support 100 | 20 30 30 80 80 80 80 100 92 89 Greatest Overweight (x) 4 | 1 1 . 1 . . . 4 . 2 Average Overweight (x) . | . . . . . . . . . . Largest Inventory Capacity 20 | 10 10 15 15 15 20 20 20 20 20 Average Capacity 16 | 7 10 10 14 15 17 20 20 20 17 Most Carried 20 | 2 9 8 11 10 12 20 20 20 18 Average Carried 12 | . 3 7 9 10 11 17 15 18 15 Final Capacity 20 | 10 10 10 15 15 20 20 20 20 5 Final Carried 20 | 1 6 8 10 10 12 20 16 18 5 Class Distribution -------------------- 100% | Hacker-Mutant Dominant Class ---------------- Hacker-Mutant | -10/Materials Hacker-Mutant | -10/Mines Hacker-Mutant | -9/Materials Hacker-Mutant | -9/Mines Hacker-Mutant | -9/Exiles Hacker-Mutant | -8/Mines Hacker-Mutant | -8/Materials Hacker-Mutant | -7/Factory Hacker-Mutant | -7/Garrison Resources | -11 -10 -10 -9 -9 -9 -8 -8 -7 -7 ----------- Run | Yrd Mat Min Mat Min Exi Min Mat Fac Gar Matter Collected 1406 | 183 231 40 265 . 10 68 302 216 91 Remotely . | . . . . . . . . . . Salvage Created 3735 | . 471 18 948 . . 714 1016 310 258 Parts 222 | . 32 6 65 . . 27 55 19 18 Haulers Intercepted 5 | . . . 4 . . . 1 . . Recyclers Shooed . | . . . . . . . . . . Parts Field Recycled . | . . . . . . . . . . Retrieved Matter . | . . . . . . . . . . Parts Self-Destructed . | . . . . . . . . . . Prevented . | . . . . . . . . . . Kills | -11 -10 -10 -9 -9 -9 -8 -8 -7 -7 ------- Run | Yrd Mat Min Mat Min Exi Min Mat Fac Gar Combat Hostiles Destroyed 73 | . 11 . 21 . . 9 21 5 6 Melee 42 | . . . 13 . . 7 19 1 2 Guns 15 | . 10 . . . . . . 3 2 AOE 16 | . 1 . 8 . . 2 2 1 2 Classes Destroyed 14 | . 3 1 6 . . 3 . 1 . Worker 6 | . . . 2 . . 4 . . . Builder 1 | . . 1 . . . . . . . Tunneler 2 | . . . . . . 1 . 1 . Hauler 5 | . . . 4 . . . 1 . . Recycler 3 | . . . . . . 3 . . . Operator 2 | . . . 1 . . . . 1 . Watcher 8 | . 3 . 4 . . . 1 . . Swarmer 16 | . 4 . 6 . . . 3 . 3 Grunt 32 | . 7 . 6 . . 8 8 1 2 Brawler 1 | . . . 1 . . . . . . Duelist 3 | . . . 1 . . . 2 . . Sentry 16 | . . . 7 . . . 6 2 1 Hunter 3 | . . . . . . 1 2 . . Programmer 2 | . . . . . . . . 2 . Best Kill Streak 5 | . 5 1 5 . . 3 4 2 3 Combat Bots Only 4 | . 3 . 3 . . 2 4 1 3 Max Kills in Single Turn 2 | . 1 1 2 . . 1 2 1 2 Gunslinging . | . . . . . . . . . . Exploded 2 | . 1 . 2 . . 1 2 1 2 Melee 1 | . . . 1 . . 1 1 1 1 Uniques/NPCs Destroyed . | . . . . . . . . . . Combat | -11 -10 -10 -9 -9 -9 -8 -8 -7 -7 -------- Run | Yrd Mat Min Mat Min Exi Min Mat Fac Gar Hostile Shots Fired 786 | . 62 24 83 . . 46 197 111 263 Missed 266 | . 17 12 26 . . 6 61 40 104 Damage Taken 4732 | . 317 110 648 . . 427 1297 724 1209 Core 965 | . 42 . 47 . . 24 152 50 650 Absorbed by Shields 36 | . . . . . . . . . 36 Ignored by Resistances 2957 | . 209 69 399 . . 253 788 449 790 Core Remaining (%) 84 | 100 . 83 . . . 82 72 . . Volleys Fired 116 | . 35 . 15 . . 3 16 36 11 Largest 2 | . 2 . 1 . . 1 1 2 2 Hottest 118 | . 60 . 33 . . 33 100 118 100 Shots Fired 161 | . 60 . 15 . . 3 16 55 12 Gun 119 | . 60 . . . . . . 49 10 Cannon . | . . . . . . . . . . Launcher 28 | . . . 15 . . 3 3 6 1 Special 14 | . . . . . . . 13 . 1 Kinetic 35 | . 35 . . . . . . . . Thermal 51 | . . . . . . . 13 36 2 Explosive 21 | . . . 15 . . 3 3 . . Electromagnetic 54 | . 25 . . . . . . 19 10 Robot Hit Streak 34 | . 13 . 23 . . 5 . 34 14 Robot Miss Streak 5 | . 5 . 1 . . . 1 1 . Penetration Max . | . . . . . . . . . . Secondary Targets 1 | . 1 . . . . . . . . Max Gunslinging Chain 1 | . 1 . . . . . . . . Shots Hit Robots 260 | . 35 5 51 . . 28 68 55 18 Core Hits 131 | . 21 1 31 . . 17 30 19 12 Critical Kills . | . . . . . . . . . . Critical Parts Destroyed . | . . . . . . . . . . Critical Strikes 11 | . . 1 1 . . 2 7 . . Sever 11 | . . 1 1 . . 2 7 . . Melee Attacks 157 | . . 12 37 . . 28 70 2 8 Impact . | . . . . . . . . . . Slashing 157 | . . 12 37 . . 28 70 2 8 Piercing . | . . . . . . . . . . Sneak Attacks 17 | . . 2 5 . . 9 1 . . Combat Hostiles . | . . . . . . . . . . Follow-up Attacks . | . . . . . . . . . . Damage Inflicted 8785 | . 533 207 2490 . . 1506 2599 1016 434 Guns 1426 | . 530 . . . . . . 786 110 Cannons . | . . . . . . . . . . Explosions 1765 | . . . 1038 . . 188 316 161 62 Melee 5535 | . . 207 1452 . . 1304 2283 60 229 Ramming 59 | . 3 . . . . 14 . 9 33 Kinetic 296 | . 296 . . . . . . . . Thermal 800 | . . . 114 . . . . 669 17 Explosive 1428 | . . . 924 . . 188 316 . . Electromagnetic 667 | . 234 . . . . . . 278 155 Impact . | . . . . . . . . . . Slashing 5535 | . . 207 1452 . . 1304 2283 60 229 Piercing . | . . . . . . . . . . Highest Corruption 2 | . . . . . . . 2 2 2 Average Corruption 1 | . . . . . . . 2 1 2 Corruption Purged . | . . . . . . . . . . Corruption Blocked . | . . . . . . . . . . Effects 19 | . . . . . . . 11 2 6 Message Errors 4 | . . . . . . . 2 . 2 Matter Fused 3 | . . . . . . . 2 . 1 Heat Flow Errors 3 | . . . . . . . 1 . 2 Energy Discharges 3 | . . . . . . . 2 1 . Parts Rejected 1 | . . . . . . . . . 1 Data Loss (minor) 2 | . . . . . . . 2 . . Data Loss (major) 3 | . . . . . . . 2 1 . Overload Shots . | . . . . . . . . . . Overflow Damage 612 | . . 12 254 . . 323 13 . 10 Projectiles . | . . . . . . . . . . Explosions 140 | . . . 140 . . . . . . Melee 472 | . . 12 114 . . 323 13 . 10 Knockbacks 1 | . . . . . . 1 . . . Impact 1 | . . . . . . 1 . . . Kinetic . | . . . . . . . . . . Secondary . | . . . . . . . . . . Self-Inflicted Damage 176 | . . . 134 . . . 20 9 13 Shots 6 | . . . 4 . . . 1 1 . Rammed 11 | . . . . . . 1 . . 10 Targets Rammed 17 | . 3 . . . . 2 . 2 10 Kicked 5 | . 3 . . . . . . 2 . Crushed 1 | . . . . . . 1 . . . Highest Temperature 187 | . 132 . 14 . . 15 187 78 181 Average Temperature 35 | . 38 . 8 . . 11 75 25 66 Received Heat Transfer 2166 | . 225 78 201 . . 351 810 180 321 Siege Activations . | . . . . . . . . . . Robots Corrupted . | . . . . . . . . . . Combat Hostiles . | . . . . . . . . . . Parts Fried 1 | . . . . . . . . . 1 Impact Corruptions 1 | . . . . . . . . . 1 Robots Melted . | . . . . . . . . . . Combat Hostiles . | . . . . . . . . . . Parts Melted 1 | . . . . . . . . 1 . Heat Transferred 1382 | . . . 50 . . . . 1295 37 Parts Sabotaged . | . . . . . . . . . . Parts Stolen . | . . . . . . . . . . Parts Stripped . | . . . . . . . . . . Power Chain Reactions 2 | . . . . . . . . . 2 Alert | -11 -10 -10 -9 -9 -9 -8 -8 -7 -7 ------- Run | Yrd Mat Min Mat Min Exi Min Mat Fac Gar Peak Influence 358 | . 239 45 348 16 . 175 358 149 202 Initial 25 | . . 1 12 16 . . 6 14 25 Average 76 | . 53 9 141 15 . 57 126 29 105 Maximum Alert Level 1 | . 1 . 1 . . . 1 . 1 Low Security (%) 89 | 100 95 100 67 100 . 100 77 100 97 Level 1 10 | . 4 . 32 . . . 22 . 2 Level 2 . | . . . . . . . . . . Level 3 . | . . . . . . . . . . Level 4 . | . . . . . . . . . . Level 5 . | . . . . . . . . . . High Security . | . . . . . . . . . . Max Security . | . . . . . . . . . . Squads Dispatched 11 | . 1 . 1 . . . 6 3 . Investigation 4 | . 1 . . . . . 3 . . Extermination 3 | . . . . . . . . 3 . Reinforcement 4 | . . . 1 . . . 3 . . Assault . | . . . . . . . . . . Garrison . | . . . . . . . . . . Intercept . | . . . . . . . . . . Searches Triggered . | . . . . . . . . . . Construction Impeded . | . . . . . . . . . . Haulers Reinforced . | . . . . . . . . . . Active Scanning Responses . | . . . . . . . . . . Cargo Convoy Interrupts . | . . . . . . . . . . Stealth | -11 -10 -10 -9 -9 -9 -8 -8 -7 -7 --------- Run | Yrd Mat Min Mat Min Exi Min Mat Fac Gar Distress Signals 9 | . . . 5 . . . 4 . . Communications Jammed . | . . . . . . . . . . Distress Signals . | . . . . . . . . . . Times Spotted 136 | . 20 4 30 . . 10 38 9 25 Peak Tracking Total 11 | . 4 3 4 . . 2 8 2 11 Tactical Retreats 13 | . . 2 . . . 1 7 1 2 Traps | -11 -10 -10 -9 -9 -9 -8 -8 -7 -7 ------- Run | Yrd Mat Min Mat Min Exi Min Mat Fac Gar Traps Triggered 10 | . 2 . . . . . 2 4 2 Indirectly . | . . . . . . . . . . Trap Hack Attempts . | . . . . . . . . . . Triggered . | . . . . . . . . . . Disarmed . | . . . . . . . . . . Reprogrammed . | . . . . . . . . . . Reused . | . . . . . . . . . . Traps Extracted . | . . . . . . . . . . Installed . | . . . . . . . . . . Triggered 2 | . 1 . . . . . . 1 . Machines | -11 -10 -10 -9 -9 -9 -8 -8 -7 -7 ---------- Run | Yrd Mat Min Mat Min Exi Min Mat Fac Gar Machines Disabled 7 | . . . 5 . . 1 . . 1 Max in Single Turn 3 | . . . 3 . . 1 . . 1 Garrison Relay 1 | . . . . . . . . . 1 Machines Repaired . | . . . . . . . . . . Machines Dismantled . | . . . . . . . . . . Machines Sabotaged . | . . . . . . . . . . Overloaded Fab Kills . | . . . . . . . . . . Hacking | -11 -10 -10 -9 -9 -9 -8 -8 -7 -7 --------- Run | Yrd Mat Min Mat Min Exi Min Mat Fac Gar Machines Accessed 31 | . 9 . 5 . 4 . 6 6 1 Terminals 19 | . 7 . 3 . . . 4 4 1 Fabricators . | . . . . . . . . . . Repair Stations . | . . . . . . . . . . Recycling Units 5 | . 2 . 1 . . . 1 1 . Scanalyzers 2 | . . . 1 . . . 1 . . Garrison Access 1 | . . . . . . . . 1 . Total Hacks 124 | . 27 . 9 . 49 . 25 13 1 Successful 106 | . 22 . 8 . 49 . 18 9 . Failed 18 | . 5 . 1 . . . 7 4 1 Catastrophic . | . . . . . . . . . . Database Lockouts . | . . . . . . . . . . Manual 31 | . 13 . 2 . . . 8 8 . Terminals 59 | . 23 . 5 . . . 20 10 1 Fabricators . | . . . . . . . . . . Repair Stations . | . . . . . . . . . . Recycling Units 9 | . 4 . 2 . . . 1 2 . Scanalyzers 6 | . . . 2 . . . 4 . . Garrison Access 1 | . . . . . . . . 1 . Terminal Hacks 73 | . 12 . 3 . 49 . 8 1 . Record 51 | . 2 . . . 49 . . . . Part Schematic 2 | . 2 . . . . . . . . Robot Analysis 1 | . . . . . . . 1 . . Prototype ID Bank 4 | . 4 . . . . . . . . Open DSF 1 | . . . . . . . . 1 . Branch Access Points 3 | . 1 . 1 . . . 1 . . Alert Level 5 | . 1 . 1 . . . 3 . . Unreport Threat 2 | . . . 1 . . . 1 . . Dispatch Records 1 | . 1 . . . . . . . . Maintenance Status 1 | . 1 . . . . . . . . Security Status 1 | . . . . . . . 1 . . Zone Layout 1 | . . . . . . . 1 . . Fabricator Hacks . | . . . . . . . . . . Repair Station Hacks . | . . . . . . . . . . Recycling Unit Hacks 7 | . 3 . 2 . . . 1 1 . Process 1 | . . . 1 . . . . . . Report Inventory 4 | . 2 . . . . . 1 1 . Retrieve Matter 1 | . . . 1 . . . . . . Retrieve Components 1 | . 1 . . . . . . . . Scanalyzer 6 | . . . 2 . . . 4 . . Insert Component 3 | . . . 1 . . . 2 . . Analyze 3 | . . . 1 . . . 2 . . Garrison Access Hacks 1 | . . . . . . . . 1 . Unlock Access 1 | . . . . . . . . 1 . Unauthorized Hacks 19 | . 7 . 1 . . . 5 6 . Terminals 19 | . 7 . 1 . . . 5 6 . Assimilate 4 | . 1 . . . . . 1 2 . Botnet 11 | . 4 . 1 . . . 3 3 . Operators 4 | . 2 . . . . . 1 1 . Fabricators . | . . . . . . . . . . Repair Stations . | . . . . . . . . . . Recycling Units . | . . . . . . . . . . Scanalyzers . | . . . . . . . . . . Garrison Access . | . . . . . . . . . . Data Cores Recovered 1 | . . . . . . . . 1 . Used . | . . . . . . . . . . Hacking Detections 22 | . 8 . 4 . . . 4 5 1 Full Trace Events 5 | . 2 . . . . . 3 . . Feedback Events . | . . . . . . . . . . Feedback Blocked . | . . . . . . . . . . Robot Schematics Acquired . | . . . . . . . . . . Robots Built . | . . . . . . . . . . Authchips . | . . . . . . . . . . Time . | . . . . . . . . . . Total Robot Build Rating . | . . . . . . . . . . Part Schematics Acquired 5 | . 2 . 1 . . . 2 . . Parts Built . | . . . . . . . . . . Authchips . | . . . . . . . . . . Time . | . . . . . . . . . . Total Part Build Rating . | . . . . . . . . . . Parts Repaired . | . . . . . . . . . . Time . | . . . . . . . . . . Parts Recycled . | . . . . . . . . . . Recycled Matter 273 | . . . 273 . . . . . . Retrieved Matter 353 | . . . 353 . . . . . . Retrieved Components 10 | . 10 . . . . . . . . Parts Scanalyzed 3 | . . . 1 . . . 2 . . Part Schematics Acquired 3 | . . . 1 . . . 2 . . Parts Damaged . | . . . . . . . . . . Bothacking | -11 -10 -10 -9 -9 -9 -8 -8 -7 -7 ------------ Run | Yrd Mat Min Mat Min Exi Min Mat Fac Gar Used RIF Installer . | . . . . . . . . . . Robots Hacked . | . . . . . . . . . . Non-combat . | . . . . . . . . . . Combat . | . . . . . . . . . . Robot Hacks Applied . | . . . . . . . . . . Relay Couplers Released 5 | . . . . . . . . . 5 Machine Destruction 5 | . . . . . . . . . 5 Fabnet Peak Effective % . | . . . . . . . . . . Robots Rewired . | . . . . . . . . . . Allies Hacked . | . . . . . . . . . . Hacks Repelled . | . . . . . . . . . . Allies | -11 -10 -10 -9 -9 -9 -8 -8 -7 -7 -------- Run | Yrd Mat Min Mat Min Exi Min Mat Fac Gar Total Allies 2 | . . . . 2 . . . . . Largest Group 2 | . . . . 2 2 . . . . Highest-Rated Group 41 | . . . . 41 41 . . . . Highest-Rated Ally 31 | . . . . 31 31 . . . . Total Orders . | . . . . . . . . . . Ally Attacks . | . . . . . . . . . . Total Damage . | . . . . . . . . . . Kills . | . . . . . . . . . . Allies Corrupted . | . . . . . . . . . . Allies Melted . | . . . . . . . . . . Intel | -11 -10 -10 -9 -9 -9 -8 -8 -7 -7 ------- Run | Yrd Mat Min Mat Min Exi Min Mat Fac Gar Robot Analysis Total 1 | . . . . . . . 1 . . Derelict Logs Recovered . | . . . . . . . . . . Drone Launches . | . . . . . . . . . . Drone Recoveries . | . . . . . . . . . . Exploration | -11 -10 -10 -9 -9 -9 -8 -8 -7 -7 ------------- Run | Yrd Mat Min Mat Min Exi Min Mat Fac Gar Turns Passed 8362 | 90 936 523 1269 408 1441 1024 1324 1035 312 Spaces Moved 5134 | 54 634 406 695 241 844 546 839 684 191 Core 64 | 5 . . . . . . . . 59 Treads 2310 | . . . 574 241 844 546 105 . . Legs 2760 | 49 634 406 121 . . . 734 684 132 Wheels . | . . . . . . . . . . Hover . | . . . . . . . . . . Flight . | . . . . . . . . . . Fastest Speed 50 | 50 120 120 120 170 170 170 112 115 50 Average Speed 142 | 145 128 120 161 170 170 170 122 117 100 Slowest Speed 400 | 190 190 120 250 170 170 170 400 122 270 Overloaded Moves . | . . . . . . . . . . Propulsion Burnouts . | . . . . . . . . . . Robots Hopped . | . . . . . . . . . . Cave-ins Triggered . | . . . . . . . . . . Exploration Rate (%) 57 | 5 81 75 78 53 72 91 68 22 31 Regions Visited 9 Branch Regions 4 Pre-discovered Areas 1 | . . . . . 1 . . . . Known Exits Taken 9 | 1 1 1 1 1 1 1 1 1 . Unknown Exits Taken . | . . . . . . . . . . Scrap Searched 2 | . . 1 . . . 1 . . . Spaces Dug 14 | . . 4 . . . . 10 . . Terrain Destroyed 273 | . . 4 194 . . 31 42 . 2 Melee 4 | . . 4 . . . . . . . Projectile 13 | . . . . . . . 13 . . AOE 256 | . . . 194 . . 31 29 . 2 Terrain Rammed . | . . . . . . . . . . Walls Destroyed . | . . . . . . . . . . Machines Disabled . | . . . . . . . . . . Actions | -11 -10 -10 -9 -9 -9 -8 -8 -7 -7 --------- Run | Yrd Mat Min Mat Min Exi Min Mat Fac Gar Total 5811 | 63 694 421 789 240 850 614 1004 852 284 Wait 208 | . 6 . 23 . 5 13 28 95 38 Move 5126 | 53 633 405 694 240 843 545 838 684 191 Hop . | . . . . . . . . . . Pick Up 46 | 3 8 1 5 . 1 13 9 3 3 Fast Attach 30 | 5 . . 6 . . . 11 8 . Attach 27 | 2 3 . 2 . . 1 10 4 5 Detach 7 | . . . . . . 1 2 2 2 Swap 27 | . 3 3 2 . 1 2 5 6 5 Drop 35 | . 3 . 5 . . 6 15 6 . Fire 116 | . 35 . 15 . . 3 16 36 11 Melee 157 | . . 12 37 . . 28 70 2 8 Ram 10 | . . . . . . . . . 10 Kick 5 | . 3 . . . . . . 2 . Crush 2 | . . . . . . 2 . . . Escape Stasis 15 | . . . . . . . . 4 11 Rewire . | . . . . . . . . . . Trap . | . . . . . . . . . . Miscellaneous . | . . . . . . . . . . Route ------- -11/Scrapyard -10/Materials (discovered 5 exits: *Mat x3 / *Min x2) -10/Mines -9/Materials (discovered 3 exits: *Mat x2 / *Min) -9/Mines (discovered 2 exits: *Mat / *Exi) -9/Exiles (discovered 2 exits: *Min x2) -8/Mines (discovered 2 exits: *Mat x2) -8/Materials (discovered 2 exits: *Fac x2) -7/Factory (discovered 2 exits: *Low / Gar) -7/Garrison (discovered 1 exit: *Fac) History --------- Turn | Location | Event 3 | -11/Scrapyard | Identified exit to Materials 3 | -11/Scrapyard | Discovered exit to Materials (range 15) 91 | -11/Scrapyard | Entered Materials 91 | -10/Materials | Evolved 1 slot: Propulsion x1 306 | -10/Materials | Identified exit to Mines 318 | -10/Materials | Build established: Hacker-Mutant 318 | -10/Materials | Identified exit to Materials 318 | -10/Materials | Discovered exit to Materials (range 10) 459 | -10/Materials | Discovered exit to Materials (range 13) 735 | -10/Materials | Discovered exit to Materials (range 4) 1027 | -10/Materials | Entered Mines 1115 | -10/Mines | Received a Rocket Launcher from a helpful Derelict 1289 | -10/Mines | Discovered exit to Materials (range 8) 1338 | -10/Mines | A weapon hastily lodged in a ceiling crevice suddenly fell to the ground 1550 | -10/Mines | Entered Materials 1550 | -9/Materials | Evolved 2 slots: Propulsion x1, Utility x1 1617 | -9/Materials | Identified exit to Mines 2091 | -9/Materials | Identified exit to Materials 2091 | -9/Materials | Discovered exit to Materials (range 4) 2247 | -9/Materials | Discovered exit to Materials (range 16) 2819 | -9/Materials | Entered Mines 2944 | -9/Mines | Discovered exit to Materials (range 6) 3054 | -9/Mines | Deemed a non-threat by the Exiles lab entrance 3054 | -9/Mines | Identified exit to Exiles 3054 | -9/Mines | Discovered exit to Exiles (range 5) 3227 | -9/Mines | Entered Exiles 3227 | -9/Exiles | Accompanied by 2 allies 3257 | -9/Exiles | Led the pair of lost Derelicts to a safe place 3278 | -9/Exiles | Met 8R-AWN 3307 | -9/Exiles | Met EX-HEX 3358 | -9/Exiles | Met EX-BIN 3528 | -9/Exiles | Met EX-DEC 3630 | -9/Exiles | Identified exit to Mines 3630 | -9/Exiles | Discovered exit to Mines (range 14) 4049 | -9/Exiles | Learned location of Zion (-6) 4267 | -9/Exiles | Discovered exit to Mines (range 15) 4668 | -9/Exiles | Entered Mines 5121 | -8/Mines | Discovered exit to Materials (range 9) 5173 | -8/Mines | Discovered exit to Materials (range 14) 5692 | -8/Mines | Entered Materials 5692 | -8/Materials | Evolved 2 slots: Propulsion x1, Utility x1 6387 | -8/Materials | Lost 4 parts (4n) 6489 | -8/Materials | Identified exit to Factory 6489 | -8/Materials | Discovered exit to Factory (range 10) 6924 | -8/Materials | Discovered exit to Factory (range 16) 7016 | -8/Materials | Entered Factory 7016 | -7/Factory | Evolved 2 slots: Propulsion x1, Utility x1 7179 | -7/Factory | Identified exit to Lower Caves 7179 | -7/Factory | Discovered exit to Lower Caves (range 11) 7436 | -7/Factory | Found Prototype Launcher 7436 | -7/Factory | Identified Rocket Array 8051 | -7/Factory | Identified exit to Garrison 8051 | -7/Factory | Entered Garrison 8073 | -7/Garrison | Triggered checkpoint 8122 | -7/Garrison | Lost 3 parts (2n1w) 8132 | -7/Garrison | Garrison Relay disabled 8243 | -7/Garrison | Triggered checkpoint 8247 | -7/Garrison | Triggered checkpoint 8315 | -7/Garrison | Released all parts (6) 8325 | -7/Garrison | Triggered checkpoint 8337 | -7/Garrison | Core integrity fell below 50% 8343 | -7/Garrison | Lost 5 parts (1p3n1u) 8353 | -7/Garrison | Core integrity fell below 20% 8359 | -7/Garrison | Identified exit to Factory 8359 | -7/Garrison | Discovered exit to Factory (range 10) 8363 | -7/Garrison | Destroyed by Y-54 Guardian with Flak Gun Last Messages --------------- Triggered Stasis Trap. A bubble of rippling energy engulfs the area. Field strength at 94. Field strength at 80. Field strength at 74. Field strength at 68. Field strength at 62. S-27 Virus destroyed. Field strength at 50. Field strength at 41. Field strength at 26. Field strength at 20. Field strength at 7. Stasis field depleted. Slammed into S-27 Virus. S-27 Virus destroyed. Slammed into S-27 Virus. P-70 Sage resets S-27 Virus, system corruption cleaned. EXIT=FOUND: FACTORY Map ----- +----------------------------------------------------+ | | | | | | | | | | | | | | | | | | | | | | | | | | | | | | | ?????????????????????????????????????????????????? | | ?????????????????????????????????????????????????? | | ?????????????????????????????????????????????????? | | ???????????????????????????????????? ????????????? | | ??????????????????????????????????? ????????????? | | ?????????????????????????????????? [ ??????????? | | ????????????????????????????????? ??????????? | | ???????????????????????????????? ! =?????????? | | ??????????????????????#######?? ! * ?????????? | | ??????????????????????# ## = #????????? | | ??????????????????????# <@ #????????? | | ??????????????????????# ## #????????? | | ??????????????????????### #????????????????????? | | ????????????????????????# #????????????????????? | | ????????????????????????# #????????????????????? | | ????????????????????????# #????????????????????? | | ????????????????????????# #????????????????????? | | ????????????????????????# #????????????????????? | | ????????????????????????# #????????????????????? | | ????????????????????????# ##???????????????????? | | ????????????????????????# #???????????????????? | | ????????????????????????# Y##???????????????????? | | ????????????????????????# #????????????????????? | | ????????????????????????# #????????????????????? | | ????????????????????????# #????#########???????? | | ????????????????????????# #????# "#???????? | | ????????????????????????# #????# "#???????? | | ????????????????????????# #????# """"""#???????? | | ????????????????????????# #????#%#######???????? | | ????????????????????????# #????#%#?????????????? | | ????????????????????????# #??###[#?????????????? | | ????????????????????????# ####*%%#?????????????? | | ????????????????????????# + /==[#?????????????? | | ????????????????????????# #### %#?????????????? | | ????????????????????????# T#?###%#?????????????? | +----------------------------------------------------+ Best States ------------- Heat Dissipation 48 Energy Generation 18 Energy Capacity 280 Matter Stores 300 Matter Capacity 300 Sight Range 16 Robot Scan Range 15 Terrain Scan Density 10 Armor Coverage 600 Resistance: KI 35 Resistance: TH 35 Resistance: EX 35 Resistance: EM 35 Resistance: I 35 Resistance: S 35 Resistance: P 35 Evasion (%) 55 Targeting Accuracy 13 Recoil Reduction 5 Offensive Hacking 20 Item Schematics ----------------- Hcp. Storage Unit | -10/Materials | Hacked Huge Storage Unit | -10/Materials | Hacked Med. Storage Unit | -9/Materials | Scanalyzed VSS Leg | -8/Materials | Scanalyzed Imp. Signal Interpreter | -8/Materials | Scanalyzed Robot Schematics ------------------ None Fabricated ------------ Nothing Alien Tech Used ----------------- None Achievements -------------- None Challenges ------------ None Game ------ Seed MicrowarpTransportBallwheel Manual? 0 Play Time 01:22:24 Cumulative 48.5 hours Start 2025.04.30 @ 21:50:38 End 2025.05.01 @ 11:43:40 Sessions 3 Manual Loads 0 Difficulty Explorer Special Mode None Game No. 55 Rogue 50 Adventurer 4 Explorer 1 Win Type - Total 0 Types 0/0/0/0/0/0/0/0/0 Lore% 18 Gallery% 37 Achievement% 32 Wizard Run 0 Options --------- Layout 1 ASCII 0 Keyboard 0 Movement Mouse Keybinds 0 Fullscreen 1 Font 32/SmallcapsGlow Map View 50x35 Zoom Use 0% Tactical HUD 0 Map Filters NONE Filters NONE Steam 1 RUN: 3849c850-e35b-40a6-b445-33db31918704